 Seeded DCSS version 0.31-a0-564-g3b7de120b3 (webtiles) character file.

Game seed: 16161720884980326079 (custom seed)

30 innerfire43 the Changeling (level 3, -3/27 HPs)
             Began as a Djinni Shapeshifter on Aug 17, 2023.
             Was a Plaything of Xom.
             Slain by a goblin
             ... wielding a +0 club
              (4 damage)
             ... on level 2 of the Dungeon.
             The game lasted 00:00:50 (669 turns).

innerfire43 the Changeling (Djinni Shapeshifter)     Turns: 669, Time: 00:00:51

Health: -3/27      AC:  2    Str: 14    XL:     3   Next: 37%
Gold:   44         EV: 12    Int: 11    God:    Xom [..*...] SH:  0 Dex: 13

rFire   + +          .
                       - Unarmed
rCold   x . .        (no shield)
rNeg    . . .        a - +0 animal skin
rPois   ∞            (helmet currently unavailable)
rElec   .            (cloak currently unavailable)
rCorr   .            (gloves currently unavailable)
SInv    .            (boots unavailable)
Will    .....        (no amulet)
Stlth   +            (no ring)
HPRegen 0.24/turn    (no ring)
MPRegen 0.00/turn

%: infuse magic (-4 HP)
@: beast-form, flying
A: beast (slay +2), flying, sickness immunity, fire resistance 2, cold
vulnerability 1, float, innate caster, HP casting, extra vitality 1
a: Begin Untransformation, Renounce Religion


You were on level 2 of the Dungeon.
You worshipped Xom.
You were a toy of Xom.
You were a hulking beast.
You visited 1 branch of the dungeon, and saw 2 of its levels.

You collected 44 gold pieces.

Inventory:

Armour
 a - a +0 animal skin (worn)
 k - a +0 helmet
Jewellery
 j - an amulet of faith
Talismans
 c - a beast talisman (active)
 d - a flux talisman
Scrolls
 e - a scroll of brand weapon {unknown}
 g - 2 scrolls of silence {unknown}
 m - a scroll of fog {unknown}
Potions
 b - a potion of lignification
 h - a potion of haste {unknown}
 i - a potion of ambrosia {unknown}
 l - a potion of attraction {unknown}


   Skills:
 - Level 1.0 Fighting
 - Level 2.1 Dodging
 - Level 3.0 Unarmed Combat
 + Level 3.5 Shapeshifting


You knew the following spells:

 Your Spells              Type           Power      Damage    Failure   Level
a - Magic Dart            Conj           0%         1d3       34%         1
Your spell library was empty.

Dungeon Overview and Level Annotations

Branches:
Dungeon (2/15)

Altars:
Xom

Annotations:
D:2 Terence


Innate Abilities, Weirdness & Mutations

You are a hulking beast.
Your limbs bulge with bestial killing power. (Slay +2)
You are flying.
You are immune to sickness and miasma.
You are immune to poison.
Your flesh is very heat resistant. (rF++)
You are vulnerable to cold. (rC-)
You float through the air rather than walking.
You learn spells naturally, not from books.
Your magical power is your life essence.
You have superior vitality. (+4 MHP)


Message History

The worm is lightly wounded.
There are monsters nearby!
You hit the worm.
The worm is moderately wounded.
The worm bites you!
There are monsters nearby!
You punch the worm!
The worm is severely wounded.
The worm closely misses you.
You hit the worm.
The worm is severely wounded.
A rat comes into view.
You hit the worm.
You kill the worm!
The goblin hits you with a +0 dagger.
Unknown command.
You punch the goblin!
You kill the goblin!
Terence hits you with a +0 morningstar.
You hit the rat.
You kill the rat!
Terence closely misses you.
You hit Terence but do no damage. Terence hits you with a +0 morningstar!
* * * LOW HITPOINT WARNING * * *
It was a potion of heal wounds.
You feel much better.
Xom roars with laughter!
Terence closely misses you.
You closely miss Terence. Terence hits you with a +0 morningstar.
You closely miss Terence.
The goblin shouts!
You hit Terence but do no damage.
You hear a shout! x2
Terence hits you with a +0 morningstar!
You hit Terence but do no damage. The goblin hits you with a +0 club.
Terence hits you with a +0 morningstar!
* * * LOW HITPOINT WARNING * * *
A shower of butterflies erupts from you!
You barely miss Terence. The goblin hits you with a +0 club.
You die...
Xom roars with laughter!

## #$ #. #####.
#..>.. '#
###...######.###
#...bbg.........
#...h)..##.###
....b...@#.##
...######
......####$.#
#......# ....#.
##.## #......#
... #
#..###......# ##
##..###.....#
####..##.....#
#(...........#
#.#####..#####


You could see Terence (ally target) and a goblin.

Vanquished Creatures
  An adder (D:2)
  A worm (D:2)
  A dart slug (D:1)
  An endoplasm (D:1)
  2 goblins (D:2)
  2 hobgoblins
  4 kobolds (D:1)
  A quokka (D:1)
  A ball python (D:2)
  A frilled lizard (D:1)
  2 rats (D:2)
17 creatures vanquished.

Notes
Turn   | Place    | Note
-------+----------+-------------------------------------------
     0 | D:1      | innerfire43 the Djinni Shapeshifter began the quest for the
                  | Orb.
     0 | D:1      | Reached XP level 1. HP: 17/17 MP: 0/0
   130 | D:1      | Found a faded altar of an unknown god.
   142 | D:1      | Reached XP level 2. HP: 22/22 MP: 0/0
   169 | D:1      | Prayed at the altar of an unknown god.
   169 | D:1      | Became a worshipper of Xom of Chaos
   588 | D:2      | Reached XP level 3. HP: 22/27 MP: 0/0
   588 | D:2      | Learned a level 1 spell: Magic Dart
   655 | D:2      | Noticed Terence
   668 | D:2      | HP: 1/27 [Terence/+0 morningstar (13)]
   668 | D:2      | XOM: butterfly on damage
   669 | D:2      | Slain by a goblin

Illustrated notes

Levels and vault maps discovered:
D:1:      nzn_arrival_settlement, layout_rooms,
          shapermc_ecumenical_altar_starsandcircs
D:2:      layout_basic, feat_on_display, uniq_jessica, uniq_robin,
          uniq_crazy_yiuf_cottage, uniq_terence

Skill      XL: |  1 |
---------------+----+-----
Shapeshifting  | 3 |  3.5
Fighting       | |  1.0
Dodging        | |  2.1
Unarmed Combat | |  3.0

Action                     || total
---------------------------++-------
  Melee: Unarmed           ||    69
         Punch             ||     1
    Use: Potion            ||     1
 Armour: Animal skin       ||     8
  Dodge: Dodged            ||    33

Table legend: (Time is in decaauts)
 A = Elapsed time spent in this place.
 B = Non-inter-level travel time spent in this place.
 C = Inter-level travel time spent in this place.
 D = Time resting spent in this place.
 E = Time spent auto-exploring this place.
 F = Levels seen in this place.
 G = Mean time per level.
                   A        B        C        D        E       F      G
               +--------+--------+--------+--------+--------+-----+--------+
         Total |    665 |    631 |     34 |      0 |    494 |   2 |  332.5 |
       Dungeon |    665 |    631 |     34 |      0 |    494 |   2 |  332.5 |
               +--------+--------+--------+--------+--------+-----+--------+

Top non-repeatable levels by time:
     D:1: 549 daAuts
     D:2: 115 daAuts
